 Dungeon Crawl Stone Soup version 0.31-a0-152-g6aa68a64a1 (webtiles) character file.

Game seed: 8624383802101589647

0 qw the Shooter (level 1, -1/19 HPs)
             Began as a Naga Hunter on June 10, 2023.
             Slain by an orc priest
             ... wielding a +0 hand axe
              (6 damage)
             ... on level 2 of the Dungeon.
             The game lasted 00:00:02 (80 turns).

qw the Shooter (Naga Hunter)                          Turns: 80, Time: 00:00:03

Health: -1/19      AC:  1    Str: 13    XL:     1   Next: 10%
Magic:  1/1        EV:  9    Int:  9    God:
Gold:   0          SH:  0    Dex: 14    Spells: 0/0 levels left

rFire   . . .        a - +0 shortbow
rCold   . . .        (shield currently unavailable)
rNeg    . . .        c - +0 leather armour
rPois   +            (no helmet)
rElec   .            (no cloak)
rCorr   .            (no gloves)
SInv    +            (no barding)
Will    .....        (no amulet)
Stlth   ++           (no ring)
HPRegen 0.23/turn    (no ring)
MPRegen 0.07/turn

%: no passive effects
@: short of breath, very slow
A: AC +0, large, see invisible, deformed body, poison resistance, slowness 2,
spit poison 1, naga tail 1
a: Spit Poison


You were on level 2 of the Dungeon.
You visited 1 branch of the dungeon, and saw 2 of its levels.


Innate Abilities, Weirdness & Mutations

Your serpentine skin is tough. (AC +0)
You have supernaturally acute eyesight. (SInv)
Armour fits poorly on your strangely shaped body.
Your system is resistant to poisons. (rPois)
You cover ground very slowly.
You can spit poison.
You have a snake-like lower body.


   Skills:
 - Level 2.0 Fighting
 + Level 3.6 Ranged Weapons
 - Level 1.5 Dodging
 - Level 1.5 Stealth


You couldn't memorise any spells.
You didn't know any spells.
Your spell library was empty.

Inventory:

Hand Weapons
 a - a +0 shortbow (weapon)
Armour
 c - a +0 leather armour (worn)
Scrolls
 b - a scroll of butterflies
 d - a scroll of fear {unknown}
 e - a scroll of torment {unknown}

Dungeon Overview and Level Annotations

Branches:
Dungeon (2/15)

Altars:


Message History

Aiming: Spit Poison (3% risk of failure)
Press: ? - help, Shift-Dir - straight line, f - orc priest The splash of poison hits the orc priest.
The orc priest is poisoned.
The orc priest is moderately wounded.
The orc priest shouts!
The orc shouts!
The adder hisses angrily.
An orc priest comes into view. It is wielding a +0 hand axe.
The orc priest shouts!
You shoot an arrow. The arrow barely misses the orc priest.
You hear a shout! x2
An orc comes into view. It is wielding a +0 flail.
72 ||| Stepping ~*~*~tactically~*~*~ (outnumbered).
An orc comes into view. It is wielding a +0 short sword.
74 ||| Stepping ~*~*~tactically~*~*~ (outnumbered).
You shoot an arrow.
The arrow hits the orc priest but does no damage.
You have got your breath back.
The orc priest calls down the wrath of Beogh upon you.
Pain shoots through your body!
76 ||| Stepping ~*~*~tactically~*~*~ (outnumbered).
77 ||| INVOKING Spit Poison.
Aiming: Spit Poison (3% risk of failure)
Press: ? - help, Shift-Dir - straight line, f - orc, p - orc priest The splash of poison misses the orc.
The orc hits you with a +0 dagger.
You shoot an arrow. The arrow hits the orc priest.
The orc priest is moderately wounded.
The orc barely misses you. The orc priest barely misses you.
You shoot an arrow. The arrow barely misses the orc priest.
The orc completely misses you.
The orc priest hits you with a +0 hand axe.
You shoot an arrow.
The arrow closely misses the orc priest.
The orc barely misses you.
The orc priest calls down the wrath of Beogh upon you.
Pain shoots through your body!
The orc throws a boomerang.
The boomerang closely misses you.
The orc priest hits you with a +0 hand axe.
You die...

.....# .###.# #..
.###.# #.#.# .....#
#.#.# ## # #.####.#
#.#.#.. .. ..####.####
##.#.#. ...
.............. .o...
o.. ....##..#.##.#
#o#.# .o
.##.##..#.....##@#.#.#
###..#..#.......oo...#
###..#..#.######.#o..#
..........#......#(#.#
###)##..###.######.#.#
........#..........# #
####.##.#.#.######.# #
#.#....#.# #.# #
#.#...##.# #..


You could see 2 orc priests and 3 orcs.

Vanquished Creatures
  A kobold (D:2)
1 creature vanquished.

Notes
Turn   | Place    | Note
-------+----------+-------------------------------------------
     0 | D:1      | qw the Naga Hunter began the quest for the Orb.
     0 | D:1      | Reached XP level 1. HP: 19/19 MP: 1/1
     0 | D:1      | 0 ||| qw: Version: 0.2-a-122-gbc61b45
     0 | D:1      | 0 ||| qw: Game counter: 3502
     0 | D:1      | 0 ||| qw: Always use a shield: true
     0 | D:1      | 0 ||| qw: God list: Okawaru
     0 | D:1      | 0 ||| qw: Allow faded altars: false
     0 | D:1      | 0 ||| qw: Do Orc after D:15 true
     0 | D:1      | 0 ||| qw: Do second Lair branch before Depths: true
     0 | D:1      | 0 ||| qw: Lair rune preference: random
     0 | D:1      | 0 ||| qw: Plans: Normal
     0 | D:1      | 0 ||| PLANNING D:1-11
    13 | D:1      | You fall into a shaft and drop 1 floor!
    44 | D:2      | 44 ||| INVOKING Spit Poison.
    69 | D:2      | Noticed an orc priest
    70 | D:2      | 70 ||| INVOKING Spit Poison.
    70 | D:2      | Noticed an orc priest
    72 | D:2      | 72 ||| Stepping ~*~*~tactically~*~*~ (outnumbered).
    74 | D:2      | 74 ||| Stepping ~*~*~tactically~*~*~ (outnumbered).
    76 | D:2      | 76 ||| Stepping ~*~*~tactically~*~*~ (outnumbered).
    77 | D:2      | 77 ||| INVOKING Spit Poison.
    80 | D:2      | Slain by an orc priest

Levels and vault maps discovered:
D:1:      psy_arrival_whirlpool, layout_basic,
          ebering_ecumenical_altar_sacrificial
D:2:      layout_basic, serial_shops, nicolae_shop_mannequins

Action                     || total
---------------------------++-------
   Fire: Shortbow          ||     6
Ability: Spit Poison       ||     3
  Dodge: Dodged            ||     5

Table legend:
 A = Non-vault XP
 B = Vault XP
 C = Vault XP percentage of total XP
 D = Non-vault monster count
 E = Vault monster count
 F = Vault count percentage of total count
                 A         B        C        D         E       F
            +---------+---------+-------+---------+---------+-------
      Total |       1 |       0 |   0.0 |       1 |       0 |   0.0
            +---------+---------+-------+---------+---------+-------
        D:2 |       1 |       0 |   0.0 |       1 |       0 |   0.0
            +---------+---------+-------+---------+---------+-------
